 Dungeon Crawl Stone Soup version 0.24.0-28-g17ded55e90 (webtiles) character file.

Game seed: 2906868329678864054, levelgen mode: deterministic

11141 Flugslaktarn the Cleaver (level 11, -12/100 HPs)
             Began as a Deep Dwarf Fighter on Nov 11, 2019.
             Was a Priest of Makhleb.
             Mangled by a wolf spider simulacrum (13 damage)
             ... in an ice cave.
             The game lasted 00:06:35 (5406 turns).

Flugslaktarn the Cleaver (Deep Dwarf Fighter)       Turns: 5406, Time: 00:06:36

Health: -12/100    AC: 25    Str: 27    XL:     11   Next: 45%
Magic:  7/7        EV:  5    Int:  5    God:    Makhleb [***...]
Gold:   608        SH:  0    Dex: 12    Spells: 10/10 levels left

rFire    + + .     SeeInvis +   j - +2 battleaxe (chop)
rCold    + . .     Gourm    .   (shield currently unavailable)
rNeg     . . .     Faith    .   p - +0 crystal plate armour
rPois    .         Spirit   .   m - +1 helmet
rElec    .         Reflect  .   (no cloak)
rCorr    .         Harm     .   (no gloves)
MR       +....                  o - +2 pair of boots
Stlth    ..........             (no amulet)
HPRegen  0.00/turn              i - ring of the Battered Shrikes {rF++ Str+4 Int-4 SInv Stlth+}
MPRegen  0.10/turn              c - ring of protection from cold

@: non-regenerating
A: damage resistance, heal wounds, sense surroundings 2, no regeneration
a: Heal Wounds, Minor Destruction, Lesser Servant of Makhleb, Renounce Religion


You were in an ice cave.
You worshipped Makhleb.
Makhleb was most pleased with you.
You were not hungry.

You visited 3 branches of the dungeon, and saw 10 of its levels.
You also visited: Sewer, Ossuary and Ice Cave.

You collected 608 gold pieces.

Inventory:

Hand Weapons
 a - a +0 war axe
 j - a +2 battleaxe of chopping (weapon)
   (You found it on level 8 of the Dungeon)
Armour
 b - a +0 plate armour
   (You found it on level 1 of the Dungeon)
 m - a +1 helmet (worn)
   (You took it off Robin on level 4 of the Dungeon)
 o - a +2 pair of boots (worn)
   (You found it on level 4 of the Dungeon)
 p - a +0 crystal plate armour (worn)
   (You found it on level 1 of the Lair of Beasts)
 y - a +0 shield
Jewellery
 c - a ring of protection from cold (right hand)
   (You found it on level 7 of the Dungeon)
 i - the ring of the Battered Shrikes (left hand) {rF++ Str+4 Int-4 SInv Stlth+}
   (You took it off a vampire on level 8 of the Dungeon)

   [ring of stealth]

   It affects your strength (+4).
   It affects your intelligence (-4).
   It greatly protects you from fire.
   It lets you see invisible.
   It makes you more stealthy.
Wands
 f - a wand of paralysis (17)
   (You found it on level 7 of the Dungeon)
 v - a wand of digging (6)
   (You found it on level 8 of the Dungeon)
Scrolls
 t - 8 scrolls of teleportation
 w - a scroll of remove curse
Potions
 d - 3 potions of might
 g - a potion of invisibility
 h - a potion of haste
 k - 2 potions of magic
 n - 2 potions of flight
 q - a potion of curing
 r - a potion of heal wounds
 s - 3 potions of brilliance
 u - 3 potions of degeneration
 z - 2 potions of mutation {unknown}
Comestibles
 e - 11 rations
 l - 14 chunks of flesh


   Skills:
 + Level 7.3 Fighting
 * Level 11.4 Axes
 * Level 8.9 Armour
 - Level 8.6 Shields
 - Level 6.2 Invocations
 + Level 8.4 Evocations


You had 10 spell levels left.
You didn't know any spells.
Your spell library was empty.

Dungeon Overview and Level Annotations

Branches:
Dungeon (8/15)             Temple (1/1) D:4            Lair (1/6) D:8
  Sewer (visited)         Ossuary (visited)           IceCv (1/1)

Altars:
Ashenzari
Cheibriados
Dithmenos
Elyvilon
Fedhas
Gozag
Hepliaklqana
Kikubaaqudgha
Makhleb
Nemelex Xobeh
Okawaru
Ru
Sif Muna
Trog
Uskayaw
Vehumet
Wu Jian
Xom
Yredelemnul
Zin
The Shining One

Shops:
D:4 }

Annotations:
D:4 1 runed translucent door, Vidiiot's ghost, amateur GrEn
D:5 1 runed translucent door, Lanoc's ghost, novice TrAE


Innate Abilities, Weirdness & Mutations

You are resistant to damage.
You can heal yourself by infusing magical energy.
You passively map the area around you.
You do not regenerate.


Message History

* * * LOW HITPOINT WARNING * * *
The wolf spider simulacrum bites you.
* * * LOW HITPOINT WARNING * * *
The wolf spider simulacrum freezes you. You resist.
* * * LOW HITPOINT WARNING * * *
The alligator simulacrum bites you but does no damage.
The alligator simulacrum tail-slaps you.
* * * LOW HITPOINT WARNING * * *
The alligator simulacrum freezes you! You resist.
* * * LOW HITPOINT WARNING * * *
Unknown command.
Okay, then.
You barely miss the wolf spider simulacrum.
The wolf spider simulacrum is almost destroyed.
You barely miss the alligator simulacrum.
The wolf spider simulacrum barely misses you.
The wolf spider simulacrum bites you.
* * * LOW HITPOINT WARNING * * *
The wolf spider simulacrum freezes you! You resist.
You die...

#.. , *
##... ≈ ,
, ##... ,
, #...#*
≈ ≈ ,
...##≈ ,
#...# ≈
≈*
##...##
##..ZZ.##
#...@...#
, *
#.......#
##..∩..##
* ,
##...## ≈
* ##### ≈
* **


You could see an alligator simulacrum and a wolf spider simulacrum.

Vanquished Creatures
  A hydra (D:8)
  A catoblepas (D:8)
  3 two-headed ogres
  Nergalle (Lair:1)
  Pikel (D:7)
  An ugly thing (D:8)
  A cyclops (D:8)
  Joseph (D:8)
  A komodo dragon (Lair:1)
  A troll (D:8)
  A spriggan (D:7)
  A yak (D:6)
  A vampire (D:8)
  A hungry ghost (D:8)
  A porcupine (Lair:1)
  3 orc warriors
  2 sky beasts
  9 ice beasts
  A necrophage (D:7)
  2 black bears
  An eye of draining (D:8)
  3 slaves (D:7)
  An ogre (D:6)
  5 wolves (Lair:1)
  A centaur (D:5)
  A crocodile (Lair:1)
  A big kobold (Sewer)
  2 elf zombies (Ossuary)
  2 bullfrogs (D:6)
  A scorpion (D:6)
  6 killer bees (D:8)
  8 wights
  2 howler monkeys
  4 centaur zombies
  3 crimson imps
  A quasit (D:7)
  6 hounds
  A bullfrog zombie (D:5)
  2 orc priests
  3 jellies
  2 orc wizards (D:4)
  2 iguanas
  2 polar bear simulacra (IceCv)
  7 worker ants
  A killer bee zombie (D:7)
  4 hound zombies
  A hound skeleton (D:4)
  4 mummies
  Robin (D:4)
  A worker ant zombie (D:7)
  10 adders
  A howler monkey skeleton (D:8)
  2 river rats (D:3)
  An adder skeleton (D:6)
  8 adder zombies (Ossuary)
  2 worms
  2 dart slugs (D:1)
  3 leopard geckos
  13 orcs
  A ball python (D:2)
  7 giant cockroaches
  8 goblins (D:4)
  7 hobgoblins
  9 jackals
  2 quokkas
  5 bats
  2 frilled lizards (D:4)
  A gnoll zombie (Ossuary)
  5 goblin zombies (Ossuary)
  3 hobgoblin zombies
  2 jackal zombies (Ossuary)
  5 kobolds
  4 kobold zombies (Ossuary)
  A leopard gecko zombie (D:6)
  An orc zombie (Ossuary)
  4 quokka zombies (Ossuary)
  12 rats
234 creatures vanquished.

Notes
Turn   | Place    | Note
-------+----------+-------------------------------------------
     0 | D:1      | Flugslaktarn the Deep Dwarf Fighter began the quest for the
                  | Orb.
     0 | D:1      | Reached XP level 1. HP: 20/20 MP: 1/1
    65 | D:1      | Reached XP level 2. HP: 27/27 MP: 2/2
   145 | D:2      | Reached skill level 3 in Axes
   145 | D:2      | Reached XP level 3. HP: 28/33 MP: 3/3
   395 | D:3      | Found a shadowy altar of Dithmenos.
   488 | D:3      | Reached XP level 4. HP: 35/42 MP: 4/4
   516 | D:3      | Found a glowing drain.
   551 | Sewer    | Entered a sewer
   606 | Sewer    | Noticed a big kobold
   617 | Sewer    | Killed a big kobold
   617 | Sewer    | Reached skill level 4 in Axes
   617 | Sewer    | Reached XP level 5. HP: 37/49 MP: 5/5
   636 | Sewer    | Found a white marble altar of Elyvilon.
   847 | D:4      | Noticed Robin
   869 | D:4      | Killed Robin
   955 | D:4      | Reached XP level 6. HP: 39/57 MP: 6/6
  1012 | D:4      | Reached skill level 5 in Axes
  1019 | D:4      | Found Teewypn's Gadget Shop.
  1041 | D:4      | Noticed Vidiiot's ghost (amateur GrEn)
  1087 | D:4      | Found a runed translucent door.
  1107 | D:4      | Noticed a +0 dagger
  1107 | D:4      | Noticed a +0 hand axe
  1108 | D:4      | Found a hide-covered altar of Uskayaw.
  1120 | D:4      | Reached skill level 5 in Armour
  1120 | D:4      | Reached XP level 7. HP: 59/64 MP: 6/6
  1133 | D:4      | Reached skill level 5 in Shields
  1261 | D:4      | Found a staircase to the Ecumenical Temple.
  1282 | Temple   | Entered the Ecumenical Temple
  1377 | D:3      | Found a burning altar of Makhleb.
  1383 | D:3      | Found a white marble altar of Elyvilon.
  1383 | D:3      | Found a snail-covered altar of Cheibriados.
  1386 | D:3      | Became a worshipper of Makhleb the Destroyer
  1424 | D:5      | Entered Level 5 of the Dungeon
  1749 | D:5      | Reached skill level 6 in Axes
  1802 | D:5      | Reached skill level 1 in Invocations
  1802 | D:5      | Reached skill level 1 in Evocations
  1893 | D:5      | Found a runed translucent door.
  1898 | D:5      | Noticed Lanoc's ghost (novice TrAE)
  2200 | D:6      | Noticed a yak
  2207 | D:6      | Noticed a two-headed ogre
  2210 | D:6      | Killed a yak
  2210 | D:6      | Reached XP level 8. HP: 47/73 MP: 8/8
  2235 | D:6      | Killed a two-headed ogre
  2235 | D:6      | Reached skill level 5 in Fighting
  2235 | D:6      | Reached skill level 7 in Axes
  2308 | D:6      | Gained mutation: You passively map the area around you.
                  | [Deep Dwarf growth]
  2308 | D:6      | Reached XP level 9. HP: 45/81 MP: 9/11
  2363 | D:6      | Found an ancient bone altar of Kikubaaqudgha.
  2416 | D:6      | Reached skill level 8 in Axes
  2512 | D:6      | Found a sparkling altar of Nemelex Xobeh.
  2525 | D:6      | Reached * piety under Makhleb
  3329 | D:7      | Noticed Pikel
  3352 | D:7      | Killed Pikel
  3352 | D:7      | Reached skill level 5 in Invocations
  3352 | D:7      | Reached skill level 5 in Evocations
  3553 | D:8      | Found a staircase to the Lair.
  3613 | D:8      | Reached skill level 9 in Axes
  3652 | D:8      | Noticed a two-headed ogre
  3668 | D:8      | Killed a two-headed ogre
  3668 | D:8      | Reached XP level 10. HP: 40/91 MP: 11/13
  3788 | D:8      | Noticed a five-headed hydra
  3797 | D:8      | Killed a five-headed hydra
  3826 | D:8      | Noticed a cyan ugly thing
  3842 | D:8      | Killed a cyan ugly thing
  3847 | D:8      | Noticed Joseph
  3852 | D:8      | Noticed a cyclops
  3872 | D:8      | Killed Joseph
  3872 | D:8      | Reached skill level 10 in Axes
  3883 | D:8      | Killed a cyclops
  3979 | D:8      | Found a hazy altar of Hepliaklqana.
  3982 | D:8      | Noticed a catoblepas
  4059 | D:8      | Found a sand-covered staircase.
  4067 | Ossuary  | Entered an ossuary
  4078 | Ossuary  | Reached ** piety under Makhleb
  4315 | Ossuary  | Reached *** piety under Makhleb
  4493 | D:8      | Found a radiant altar of Vehumet.
  4494 | D:8      | Found an iron altar of Okawaru.
  4495 | D:8      | Found an iron altar of Okawaru.
  4703 | D:8      | Noticed a two-headed ogre
  4707 | D:8      | Identified the ring of the Battered Shrikes {rF++ Str+4
                  | Int-4 SInv Stlth+}
  4714 | D:8      | Killed a two-headed ogre
  4714 | D:8      | Reached XP level 11. HP: 69/99 MP: 11/11
  5121 | D:8      | Killed a catoblepas
  5177 | Lair:1   | Entered Level 1 of the Lair of Beasts
  5183 | Lair:1   | Reached skill level 11 in Axes
  5234 | Lair:1   | Noticed Nergalle
  5253 | Lair:1   | Killed Nergalle
  5364 | Lair:1   | Found a frozen archway.
  5393 | IceCv    | Entered an ice cave
  5405 | IceCv    | HP: 3/100 [alligator simulacrum (13)]
  5406 | IceCv    | HP: 1/100 [wolf spider simulacrum (2)]
  5406 | IceCv    | Mangled by a wolf spider simulacrum

Levels and vault maps discovered:
D:1:      roderic_crossed_star, layout_loops_ring, serial_glass,
          glass_columns_b, glass_columns_a, glass_columns_a, glass_columns_b,
          glass_columns_a, glass_columns_c, supply_closet_lemuel,
          minmay_misc_feat_iff
D:2:      layout_loops_ring, chequers_ecumenical_altar_simple_redux
D:3:      layout_basic, nicolae_dithmenos_shadow_blocks,
          grunt_temple_overflow_open, serial_glass, glass_columns_c,
          glass_columns_b, portal_sewer_entry_e, uniq_crazy_yiuf_cottage
D:4:      layout_gridville, dancing_weapons_uskayaw, temple_green,
          hellmonk_ghost_happy_afterlife, serial_shops, shop, minivault_11,
          uniq_robin
D:5:      layout_loops_ring, ebering_ghost_reflecting_pool, first_ration
D:6:      cheibrodos_fzero, layout_loops_ring,
          nemelex_xobeh_ov_fountains_minmay, overflow_temple_1_default
D:7:      layout_basic, the_bakery, serial_bayou_pond_d, uniq_pikel
D:8:      minmay_the_grid_octo_triangle [minmay_the_grid_octo_pinwheel,
          minmay_the_grid_octo_prize_single_spiral,
          minmay_the_grid_octo_vomiting_pacman], layout_loops_ring,
          lemuel_crystal_altar, nicolae_ossuary_entry_giza, uniq_joseph
Temple:   cyrus_circular_temple
Lair:1:   layout_chaotic_city, portal_ice_cave_entry_ice_beasts, uniq_nergalle
IceCv:    ice_cave_small_necro

Skill      XL: |  1  2  3  4  5  6  7  8  9 10 11 |
---------------+----------------------------------+-----
Axes           | 3 4 5 6 7 9 10 11 | 11.4
Fighting       | 3 4 5 6 7 |  7.3
Armour         | 4 5 6 7 8 |  8.9
Shields        | 4 5 6 7 8 |  8.6
Invocations    | 2 3 5 6 |  6.2
Evocations     | 2 4 6 7 8 |  8.4

Action                   |  1- 3 |  4- 6 |  7- 9 | 10-12 || total
-------------------------+-------+-------+-------+-------++-------
Melee: War axe           |   103 |   164 |   324 |   354 ||   945
       Battleaxe         |       |       |       |    88 ||    88
Invok: Lesser Servant of |       |       |       |     2 ||     2
 Abil: Heal Wounds       |     1 |     1 |     6 |    20 ||    28
Evoke: Wand              |       |       |     4 |    10 ||    14
  Use: Scroll            |       |       |       |    14 ||    14
       Potion            |       |       |       |     3 ||     3
 Stab: Paralysed         |       |       |     4 |    12 ||    16
       Petrified         |       |       |       |     1 ||     1
  Eat: Chunk             |       |     2 |     8 |     4 ||    14
       Ration            |       |       |       |     5 ||     5
Armor: Plate armour      |    91 |   176 |   232 |   440 ||   939
       Scale mail        |     1 |       |       |       ||     1
       Crystal plate arm |       |       |       |    69 ||    69
Dodge: Dodged            |    15 |    36 |    56 |   149 ||   256
Block: Shield            |    66 |   139 |   204 |   229 ||   638
